cohdb
Replays
Latest Replays
All Replays
Popular Replays
Top Player Replays
Match Explorer
How It Works
Community
CoH3 Stats
Reddit
Sign in to upload your games and track your stats! →
Sign in with Steam
Match 43772341
Unlisted
Match 43772341
Overview
Messages
Build Orders
End
Selects Special Operations Battlegroup
Selects M29 Weasel Recon Vehicle
M29 Weasel Recon Vehicle
Construct Barracks
Riflemen Squad
Riflemen Squad
Mechanized Support Center
Riflemen Squad
Selects Raiding Flares
M1918 Browning Automatic Rifles
M1 Mortar Team
Construct Medical Station
Selects SSF Commando Squad
Construct Tank Depot
SSF Commando Squad
Engineer Squad
Designate Forward Repair Station
M4A1 Sherman Medium Tank
M4A1 76mm Conversion
Grenade Package
Improvised Armor
M4A1(76) Sherman Medium Tank
Selects P-47 Anti-Infantry Loiter
Selects M4A1 Sherman Whizbang
Raiding Flares
Rapid Repairs
Raiding Flares
P-47 Anti-Infantry Loiter
Bran
DrewP
O.G. Squeekz
stunta
0
0
Comments
sign in to comment!
No comments posted yet!